AoeStats
← bas.sil62930

Northern Isles

510326119Analyzed
1v1 RM · 3d ago on Sep 30, 2026· 42m 24s· 2 players
Game mode
Random Map
Map size
Tiny (2 player)
Population
200
Speed
Normal
Resources
Standard
Victory
Conquest
Starting age
Dark Age
Ending age
Imperial Age
RankedLock teamsTeams togetherTeam positionsShared explorationLock speedFull tech treeHidden civsTurbo modeCheats
Victory
Defeat
🇫🇷 Portuguese · France
515
+22
🇺🇸 Saracens · United States
664
-22
bas.sil62930
11:25 Feudal Age
11:55 Double-Bit Axe
14:08 Fishing Lines
18:45 Castle Age
19:46 Medium Warships
21:39 Gold Mining
22:47 Gillnets
24:01 Wheelbarrow
25:51 Loom
31:28 Imperial Age
29:52 Bow Saw
30:39 Heated Shot
31:26 Ballistics
31:13 Husbandry
31:24 Bloodlines
33:12 Chemistry
34:20 Horse Collar
35:44 Cavalier
35:57 Cavalier
36:57 Scale Barding Armor
37:03 Forging
37:06 Heavy Plow
38:20 Heavy Warships
38:48 Chain Barding Armor
41:25 Iron Casting
41:26 Plate Barding Armor
dogman
11:53 Feudal Age
12:42 Loom
15:18 Castle Age
14:15 Double-Bit Axe
14:12 Horse Collar
14:26 Gold Mining
20:45 Heavy Plow
21:59 Bow Saw
23:44 Wheelbarrow
22:55 Town Watch
23:35 Ballistics
23:17 Stone Mining
24:35 Gold Shaft Mining
29:31 Imperial Age
28:09 Town Patrol
28:56 Hand Cart
30:25 Fletching
30:46 Forging
30:37 Scale Mail Armor
30:37 Padded Archer Armor
30:43 Scale Barding Armor
32:23 Two-Man Saw
31:20 Guard Tower
32:57 Chemistry
33:34 Bodkin Arrow
35:06 Iron Casting
34:47 Chain Mail Armor
35:15 Conscription
35:50 Masonry
36:21 Murder Holes
38:29 Keep
38:08 Careening
38:10 Clinker Construction
38:11 Bracer
39:16 Chain Barding Armor
39:49 Siphons
39:51 Siege Engineers
Connection lost

Rejoining the realm…

Still unreachable

The connection could not be restored.

Session expired

The server has moved on; the page needs a fresh start.